 Dungeon Crawl Stone Soup version 0.30-a0-777-ga9a30cbeda (webtiles) character file.

Game seed: 5694952210189919835

28 domi the Magician (level 2, -4/19 HPs)
             Began as a Demonspawn Hedge Wizard on Feb 14, 2023.
             Slain by a kobold
             ... wielding a +2 dagger of freezing
              (5 damage)
             ... on level 2 of the Dungeon.
             The game lasted 00:01:22 (1464 turns).

domi the Magician (Demonspawn Hedge Wizard)         Turns: 1464, Time: 00:01:22

Health: -4/19      AC:  2    Str: 10    XL:     2   Next: 96%
Magic:  6/6        EV: 12    Int: 15    God:
Gold:   92         SH:  0    Dex: 12    Spells: 6/7 levels left

rFire   . . .      SeeInvis .    i - +1 falchion (heavy)
rCold   . . .      Faith    .    (no shield)
rNeg    . . .      Spirit   .    b - +0 robe
rPois   .          Reflect  .    c - +0 hat
rElec   .          Harm     .    (no cloak)
rCorr   .          Rampage  .    (no gloves)
Will    .....                    (no boots)
Stlth   ++                       (no amulet)
HPRegen 0.23/turn                (no ring)
MPRegen 0.10/turn                (no ring)

@: flying, hasted, very quick
A: weakness stinger 1
a: no special abilities


You were on level 2 of the Dungeon.
You visited 1 branch of the dungeon, and saw 2 of its levels.

You collected 92 gold pieces.

Inventory:

Hand Weapons
 a - a +0 dagger
 i - a +1 heavy falchion (weapon)
   (You found it on level 1 of the Dungeon)
Armour
 b - a +0 robe (worn)
 c - a +0 hat (worn)
Scrolls
 g - a scroll of vulnerability {unknown}
 k - a scroll of teleportation {unknown}
 l - a scroll of enchant weapon {unknown}
 m - a scroll of identify {unknown}
Potions
 d - 2 potions of magic
 e - a potion of flight
 f - a potion of berserk rage {unknown}
 j - a potion of lignification {unknown}
 n - a potion of curing {unknown}


   Skills:
 - Level 1.7 Dodging
 - Level 1.7 Stealth
 - Level 3.0 Spellcasting
 + Level 3.0 Conjurations
 - Level 1.0 Summonings
 - Level 0.8 Translocations


You had 6 spell levels left.
You knew the following spells:

 Your Spells              Type           Power      Damage    Failure   Level
z - Magic Dart            Conj           44%        1d5       6%          1

Your spell library contained the following spells:

 Spells                   Type           Power      Damage    Failure   Level
 Slow                     Hex            8%         N/A       21%         1
 Call Imp                 Summ           5%         N/A       21%         2
 Blink                    Tloc           8%         N/A       22%         2
 Cigotuvi's Dreadful Rot  Necr/Pois/Air  4%         N/A       30%         2
 Mephitic Cloud           Conj/Pois/Air  5%         N/A       36%         3


Dungeon Overview and Level Annotations

Branches:
Dungeon (2/15)

Altars:


Innate Abilities, Weirdness & Mutations

You have a small tail.


Message History

A dart slug is nearby!
A jackal comes into view.
There are monsters nearby!
You see here 5 poisoned darts.
There are monsters nearby!
A jackal is nearby!
The helpless jackal fails to defend itself.
You hit the jackal but do no damage. The jackal misses you.
The jackal barely misses you. The jackal bites you.
You take 3 damage, and have 16/19 hp.
There are monsters nearby!
You barely miss the jackal. The jackal bites you.
The jackal closely misses you. The dart slug launches a dart at you.
The slug dart hits you.
You take 5 damage, and have 11/19 hp.
MASSIVE DAMAGE!!
You hit the jackal. The jackal completely misses you. The jackal bites you.
The dart slug closely misses you. The jackal misses you.
You closely miss the jackal.
The jackal bites you but does no damage.
The jackal closely misses you. The dart slug bites you. The jackal misses you.
The dart slug launches a dart at you. The slug dart hits you.
* * * LOW HITPOINT WARNING * * *
You take 7 damage, and have 4/19 hp.
MASSIVE DAMAGE!!
You hit the jackal.
You kill the jackal!
The dart slug bites you but does no damage.
You slash the dart slug!
You kill the dart slug!
You start resting.
Health restored: 19 You see here 5 poisoned darts.
A kobold comes into view. It is wielding a +0 dagger.
A kobold is nearby!
A kobold is nearby!
A kobold is nearby!
The kobold shouts!
You hear a shout!
You closely miss the kobold. The kobold barely misses you.
A kobold comes into view. It is wielding a +0 short sword.
There are monsters nearby!
You slash the kobold!
You kill the kobold!
Your Conjurations skill increases to level 3!
A kobold is nearby!
A kobold is nearby!
A kobold is nearby!
You slash the kobold!
You kill the kobold!
Things that are here:
a +0 dagger; a kobold corpse You open the door.
There is an open door here.
You open the door.
There is an open door here.
There is a stone staircase leading up here.
You see here a +0 hand axe.
A kobold comes into view. It is wielding a +2 dagger of freezing.
A kobold is nearby!
The kobold shouts!
The kobold throws a stone.
The stone barely misses you.
A kobold is nearby!
A kobold is nearby!
A kobold is nearby!
A kobold is nearby!
You barely miss the kobold. The kobold closely misses you.
The kobold hits you with a +2 dagger of freezing.
The kobold freezes you.
You take 5 damage, and have 14/19 hp.
MASSIVE DAMAGE!!
You miss the kobold.
The kobold hits you with a +2 dagger of freezing.
The kobold freezes you.
You take 3 damage, and have 11/19 hp.
You closely miss the kobold. The kobold misses you.
The kobold hits you with a +2 dagger of freezing.
The kobold freezes you.
You take 5 damage, and have 6/19 hp.
MASSIVE DAMAGE!!
You barely miss the kobold.
The kobold hits you with a +2 dagger of freezing.
The kobold freezes you.
* * * LOW HITPOINT WARNING * * *
The kobold barely misses you.
You take 1 damage, and have 5/19 hp.
Unknown command.
It was a potion of flight.
You feel very buoyant.
You fly up into the air.
The kobold hits you with a +2 dagger of freezing.
* * * LOW HITPOINT WARNING * * *
The kobold freezes you.
* * * LOW HITPOINT WARNING * * *
You take 4 damage, and have 1/19 hp.
MASSIVE DAMAGE!!
It was a potion of haste.
You feel yourself speed up.
The kobold hits you with a +2 dagger of freezing.
You die...

.........)...........+
#...##.#####.........#
##.###.# #.##..###.#
#####.# #.##[.#
#.....# #.###.#
#.##### #.###.###.#
#.# #.........# #.#
#####.####### #.#
#...@?.....# #.#
#.##K##=...# #.# # #.#
?... ##.# #.. $.. ...#
### $. #### #


You could see a kobold.

Vanquished Creatures
  2 dart slugs
  3 endoplasms (D:1)
  A giant cockroach (D:1)
  3 goblins (D:1)
  3 jackals
  2 quokkas (D:1)
  2 ball pythons (D:1)
  A bat (D:1)
  2 frilled lizards (D:1)
  3 kobolds
22 creatures vanquished.

Notes
Turn   | Place    | Note
-------+----------+-------------------------------------------
     0 | D:1      | domi the Demonspawn Hedge Wizard began the quest for the
                  | Orb.
     0 | D:1      | Reached XP level 1. HP: 13/13 MP: 4/4
   407 | D:1      | Reached skill level 2 in Conjurations
   487 | D:1      | Gained mutation: You have a small tail. [demonic ancestry]
   487 | D:1      | Reached XP level 2. HP: 19/19 MP: 6/6
  1258 | D:2      | HP: 4/19 [dart slug/slug dart (5)]
  1364 | D:2      | Reached skill level 3 in Conjurations
  1463 | D:2      | HP: 2/19 [kobold/+2 dagger of freezing (3)]
  1464 | D:2      | Slain by a kobold

Illustrated notes

Levels and vault maps discovered:
D:1:      lemuel_arrival_funnel, layout_loops_corners, st_stairs_6
D:2:      layout_loops_corners, uniq_jessica

Skill      XL: |  1  2 |
---------------+-------+-----
Conjurations   | 2 3 |  3.0
Dodging        | |  1.7
Stealth        | |  1.7
Spellcasting   | |  3.0
Summonings     | |  1.0
Translocations | |  0.8

Action                     || total
---------------------------++-------
  Melee: Dagger            ||    13
         Falchion          ||    38
         Punch             ||     1
         Tailslap          ||     3
   Cast: Magic Dart        ||    16
    Use: Potion            ||     2
   Stab: Sleeping          ||     2
 Armour: Robe              ||    16
  Dodge: Dodged            ||    65

Table legend: (Time is in decaauts)
 A = Elapsed time spent in this place.
 B = Non-inter-level travel time spent in this place.
 C = Inter-level travel time spent in this place.
 D = Time resting spent in this place.
 E = Time spent auto-exploring this place.
 F = Levels seen in this place.
 G = Mean time per level.
                   A        B        C        D        E       F      G
               +--------+--------+--------+--------+--------+-----+--------+
         Total |   1497 |   1483 |     14 |     59 |   1205 |   2 |  748.5 |
       Dungeon |   1497 |   1483 |     14 |     59 |   1205 |   2 |  748.5 |
               +--------+--------+--------+--------+--------+-----+--------+

Top non-repeatable levels by time:
     D:1: 1192 daAuts
     D:2: 305 daAuts

Table legend:
 A = Kills in this place as a percentage of kills in entire the game.
 B = Kills by you in this place as a percentage of kills by you in the entire game.
 C = Kills by friends in this place as a percentage of kills by friends in the entire game.
 D = Other kills in this place as a percentage of other kills in the entire game.
 E = Experience gained in this place as a percentage of experience gained in the entire game.
 F = Experience gained in this place divided by the number of levels of this place that you have seen.
                   A       B       C       D       E      F
               +-------+-------+-------+-------+-------+----------------------
         Total | 100.0 | 100.0 |   N/A |   N/A | 100.0 |  20.0
       Dungeon | 100.0 | 100.0 |   N/A |   N/A | 100.0 |  20.0
               +-------+-------+-------+-------+-------+----------------------
